 Dungeon Crawl Stone Soup version 0.26.0-18-gc5c842f807 (webtiles) character file.

Game seed: 6398197851337313513

1472 GordonOverkill the Shield-Bearer (level 8, -25/114 HPs)
             Began as a Deep Dwarf Fighter on Jan 22, 2021.
             Annihilated by a large abomination (29 damage)
             ... on level 2 of the Abyss.
             The game lasted 00:18:30 (1899 turns).

GordonOverkill the Shield-Bearer (DDFi)             Turns: 1899, Time: 00:18:30

Health: -25/114    AC: 11    Str: 21    XL:     8   Next: 49%
Magic:  6/6        EV:  6    Int: 10    God:
Gold:   222        SH: 11    Dex: 12    Spells: 7/7 levels left

rFire    . . .     SeeInvis .   a - +0 war axe
rCold    . . .     Faith    .   c - +0 kite shield
rNeg     . . .     Spirit   .   q - +0 chain mail
rPois    .         Reflect  .   (no helmet)
rElec    .         Harm     .   e - +0 cloak
rCorr    .         Rampage  .   (no gloves)
Will     +....                  (no boots)
Stlth    ..........             (no amulet)
HPRegen  0.00/turn              (no ring)
MPRegen  0.10/turn              (no ring)

@: mighty, berserking (expiring), non-regenerating, very quick
A: damage resistance, heal wounds, sense surroundings 1, no regeneration
a: Heal Wounds


You were on level 2 of the Abyss.
You visited 2 branches of the dungeon, and saw 8 of its levels.
You visited the Abyss 1 time.
You also visited: Sewer.

You collected 222 gold pieces.

Inventory:

Hand Weapons
 a - a +0 war axe (weapon)
 g - a +2 dagger of venom
Armour
 c - a +0 kite shield (worn)
 e - a +0 cloak (worn)
 q - a +0 chain mail (worn)
Wands
 s - a wand of digging (7)
Scrolls
 d - 2 scrolls of teleportation {unknown}
 h - a scroll of blinking {unknown}
 i - a scroll of fog {unknown}
 k - 3 scrolls of remove curse
 p - a scroll of enchant weapon {unknown}
 u - a scroll of random uselessness {unknown}
Potions
 f - a potion of heal wounds
 j - a potion of resistance
 l - a potion of might
 m - a potion of brilliance
 n - a potion of curing
 o - a potion of flight
 r - a potion of berserk rage
 t - a potion of magic {unknown}


   Skills:
 + Level 5.9 Fighting
 + Level 6.7 Axes
 - Level 5.0 Armour
 + Level 7.1 Shields


You had 7 spell levels left.
You didn't know any spells.
Your spell library was empty.

Dungeon Overview and Level Annotations

Branches:
Dungeon (7/15)             Temple (1/1) D:4           Sewer (visited)

Altars:
Ashenzari
Cheibriados
Dithmenos
Elyvilon
Fedhas
Gozag
Hepliaklqana
Kikubaaqudgha
Nemelex Xobeh
Okawaru
Qazlal
Ru
Sif Muna
Trog
Uskayaw
Vehumet
Wu Jian
Xom
Yredelemnul
Zin
The Shining One

Shops:
D:6 =

Annotations:
D:4 1 runed translucent door, Zero's ghost, amateur GrFE


Innate Abilities, Weirdness & Mutations

You are resistant to damage.
You can heal yourself by infusing magical energy.
You passively map a small area around you.
You do not regenerate.


Message History

The large abomination is moderately damaged.
The large abomination hits you but does no damage.
You slash the large abomination!
The large abomination is heavily damaged.
The large abomination hits you!!
* * * LOW HITPOINT WARNING * * *
A raiju comes into view.
Unknown command.
You barely miss the large abomination.
The large abomination is heavily damaged.
You block the large abomination's attack.
You hit the large abomination.
The large abomination is heavily damaged.
You slash the large abomination!
The large abomination is almost destroyed.
The large abomination barely misses you.
You barely miss the large abomination.
The large abomination is almost destroyed.
The large abomination hits you!!
You die...

.. #..
###.≈≈≈≈## .#.
##≈ #. ...
.##.#....≈≈≈..#
# . .[ ##..
....# # .#...#
#≈# # ...#.. ≈#
# . ##..#≈#≈♣##
# ###X..... .
#@XX....♣≈#.#
###.X.##≈ ###
..#.# .. . # .#
.. .#.. #..#. .
. . #. . . . .#
. # .


You could see 2 thrashing horrors and 2 large abominations.

Vanquished Creatures
  A sky beast (D:7)
  4 phantoms
  2 ogres
  A big kobold (Sewer)
  A howler monkey (D:4)
  5 orc priests
  A jelly (D:5)
  2 orc wizards
  A centaur skeleton (D:5)
  A gnoll shaman (D:5)
  2 iguanas
  6 worker ants
  A hound skeleton (D:4)
  3 gnolls (D:5)
  10 adders
  5 river rats (Sewer)
  A shadow imp (D:7)
  An ufetubus (D:7)
  2 oozes
  A dart slug (D:2)
  2 leopard geckos
  11 orcs
  4 ball pythons
  6 giant cockroaches
  A goblin (D:3)
  3 jackals (D:5)
  A quokka (D:6)
  A bat (D:2)
  2 frilled lizards (Sewer)
  16 kobolds
  A quokka zombie (D:7)
  21 rats
120 creatures vanquished.

Vanquished Creatures (others)
  2 withered plants (D:4)
2 creatures vanquished.

Grand Total: 122 creatures vanquished

Notes
Turn   | Place    | Note
-------+----------+-------------------------------------------
     0 | D:1      | GordonOverkill the Deep Dwarf Fighter began the quest for
                  | the Orb.
     0 | D:1      | Reached XP level 1. HP: 20/20 MP: 1/1
   132 | D:2      | Reached XP level 2. HP: 24/27 MP: 2/2
   183 | D:4      | Noticed a howler monkey
   194 | D:4      | Killed a howler monkey
   195 | D:4      | Reached XP level 3. HP: 17/34 MP: 3/3
   200 | D:4      | Reached skill level 4 in Shields
   200 | D:4      | Reached XP level 4. HP: 19/42 MP: 4/4
   211 | D:4      | Noticed a phantom
   240 | D:4      | Noticed a phantom
   249 | D:4      | Killed a phantom
   250 | D:4      | Reached XP level 5. HP: 28/50 MP: 5/5
   257 | D:4      | Killed a phantom
   258 | D:4      | Reached XP level 6. HP: 23/57 MP: 6/6
   307 | D:4      | Found a staircase to the Ecumenical Temple.
   317 | Temple   | Entered the Ecumenical Temple
   476 | D:4      | Found a runed translucent door.
   477 | D:4      | Noticed Zero's ghost (amateur GrFE)
   543 | D:4      | Reached skill level 5 in Armour
   543 | D:4      | Reached skill level 5 in Shields
   725 | D:5      | Entered Level 5 of the Dungeon
   737 | D:5      | Reached XP level 7. HP: 37/66 MP: 7/7
   764 | D:5      | Found a glowing drain.
   789 | Sewer    | Entered a sewer
   991 | Sewer    | Reached skill level 5 in Axes
  1227 | D:5      | Reached skill level 5 in Fighting
  1227 | D:5      | Reached skill level 6 in Shields
  1343 | D:5      | Reached XP level 8. HP: 46/74 MP: 6/6
  1529 | D:6      | Found Ripuvvoc's Jewellery Emporium.
  1558 | D:6      | Found a glowing golden altar of the Shining One.
  1743 | D:7      | Reached skill level 7 in Shields
  1807 | D:7      | Noticed an orc sorcerer
  1808 | D:7      | Noticed a wizard
  1810 | D:7      | Noticed a rust devil
  1810 | D:7      | Cast into level 2 of the Abyss (a wizard)
  1871 | Abyss:2  | Noticed a large abomination
  1871 | Abyss:2  | Noticed a large abomination
  1871 | Abyss:2  | Noticed a thrashing horror
  1875 | Abyss:2  | Noticed a large abomination
  1875 | Abyss:2  | Noticed a thrashing horror
  1895 | Abyss:2  | HP: 4/114 [large abomination (22)]
  1895 | Abyss:2  | Noticed a raiju
  1899 | Abyss:2  | Annihilated by a large abomination

Illustrated notes

Levels and vault maps discovered:
D:1:      zaba_arrival_water, layout_basic, ashenzari_altar_1
D:2:      layout_basic, minmay_pentomino_q4
D:3:      layout_rooms, makhleb_heckhound_becter
D:4:      layout_cave_pools, minmay_temple_entry_statues, gammafunk_ghost_grave
D:5:      layout_rooms, gup_sewer_entry_glass, grunt_ministairs_1,
          minmay_misc_feat_alley, tgw_trog, uniq_menkaure
D:6:      layout_loops_ring, serial_shops, shop_fountains, glass_columns_b,
          nicolae_tso_swordbearing_angel
D:7:      cheibrodos_wizards_tower, layout_loops_ring
Temple:   minmay_crystal_snake_temple
Abyss:2:  base:
D:2

Skill      XL: |  1  2  3  4  5  6  7  8 |
---------------+-------------------------+-----
Fighting       | 3 4 5 |  5.9
Axes           | 3 4 5 6 |  6.7
Armour         | 4 5 |  5.0
Shields        | 4 5 6 7 |  7.1

Action                   |  1- 3 |  4- 6 |  7- 9 || total
-------------------------+-------+-------+-------++-------
Melee: War axe           |    34 |    83 |   270 ||   387
 Abil: Heal Wounds       |       |     5 |     8 ||    13
  Use: Potion            |       |     1 |    10 ||    11
       Scroll            |       |     2 |     4 ||     6
 Stab: Invisible         |       |       |     2 ||     2
Armor: Scale mail        |    20 |    37 |    77 ||   134
       Chain mail        |       |       |    34 ||    34
Dodge: Dodged            |    15 |    20 |   106 ||   141
Block: Kite shield       |    17 |    53 |   171 ||   241
